 Dungeon Crawl Stone Soup version 0.30.1-4-g462c640d31 (webtiles) character file.

Game seed: 1473430295245551747

67539 croobank the Thaumaturge (level 15, -10/103 HPs)
             Began as a Gnoll Fire Elementalist on Aug 30, 2023.
             Was a High Priest of Hepliaklqana.
             Mangled by an earth elemental (31 damage)
             ... on level 13 of the Dungeon on Aug 31, 2023.
             The game lasted 01:25:10 (24114 turns).

croobank the Thaumaturge (Gnoll Fire Elementalist) Turns: 24114, Time: 01:25:10

Health: -10/103    AC: 15    Str:  5    XL:     15   Next: 23%
Magic:  31/39      EV: 17    Int: 28    God:    Hepliaklqana [*****.]
Gold:   1143       SH:  5    Dex: 17    Spells: 1/36 levels left

rFire   + . .        h - +1 mace of Shame {heavy, rElec Str-2 Int+7 Dex+3}
rCold   . . .        (no shield)
rNeg    . . .        w - +2 leather armour {rPois}
rPois   +            E - +2 hat
rElec   +            l - +1 cloak
rCorr   .            x - +1 pair of gloves
SInv    .            n - +1 pair of boots {Fly}
Will    +....        D - amulet of reflection
Stlth   +++++        g - ring of magical power
HPRegen 0.37/turn    C - ring of protection from fire
MPRegen 0.26/turn

%: reflection
@: flying
A: reduced essence, fangs 1, strong nose, distributed training
a: Renounce Religion, Recall Ancestor, Ancestor Identity, Transference, Idealise


You were on level 13 of the Dungeon.
You worshipped Hepliaklqana.
Hepliaklqana was extremely pleased with you.
You visited 3 branches of the dungeon, and saw 19 of its levels.
You also visited: Sewer, Ossuary and Bailey.

You collected 1813 gold pieces.
You spent 670 gold pieces at shops.

Inventory:

Hand Weapons
 a - a +3 dagger of venom
 b - a +4 sling of draining
 h - the +1 mace of Shame (weapon) {heavy, rElec Str-2 Int+7 Dex+3}
   (You found it on level 8 of the Dungeon)

   Str:       It affects your strength (-2).
   Int:       It affects your intelligence (+7).
   Dex:       It affects your dexterity (+3).
   rElec:     It insulates you from electricity.
 i - a +2 vampiric war axe
 N - a +4 scimitar of flaming
Missiles
 v - 18 boomerangs
 L - 3 throwing nets
Armour
 l - a +1 cloak (worn)
 n - a +1 pair of boots of flying (worn)
 w - a +2 leather armour of poison resistance (worn)
 x - a +1 pair of gloves (worn)
 y - a +0 kite shield
 E - a +2 hat (worn)
 S - +0 acid dragon scales
Magical Staves
 O - a staff of fire
Jewellery
 g - a ring of magical power (left hand)
 C - a ring of protection from fire (right hand)
 D - an amulet of reflection (around neck)
 I - a ring of magical power
 Q - a ring of protection from cold
 U - a ring of fire
Wands
 t - a wand of mindburst (10)
 B - a wand of digging (5)
 M - a wand of flame (3)
 V - a wand of iceblast (5)
 W - a wand of paralysis (18)
Scrolls
 e - 3 scrolls of magic mapping
 k - 4 scrolls of fog
 m - 3 scrolls of immolation
 o - a scroll of enchant armour
 r - 8 scrolls of teleportation
 F - 3 scrolls of poison
 J - a scroll of brand weapon
 P - a scroll of blinking
 T - a scroll of enchant weapon
 Y - a scroll of vulnerability
Potions
 c - 7 potions of flight
 d - 4 potions of attraction
 f - a potion of magic
 j - 15 potions of curing
 p - 5 potions of brilliance
 s - a potion of ambrosia
 u - 10 potions of heal wounds
 z - 6 potions of mutation
 A - a potion of haste
 G - 2 potions of cancellation
 H - 2 potions of lignification
 K - a potion of invisibility
 R - a potion of berserk rage
 X - a potion of might
Miscellaneous
 q - a phantom mirror (inert)


   Skills:
 + Level 10.3 Fighting
 + Level 10.3 Short Blades
 + Level 10.3 Long Blades
 + Level 10.3 Axes
 + Level 10.3 Maces & Flails
 + Level 10.3 Polearms
 + Level 10.3 Staves
 + Level 10.3 Ranged Weapons
 + Level 10.3 Throwing
 + Level 10.3 Armour
 + Level 11.2 Dodging
 + Level 11.1 Stealth
 + Level 10.3 Shields
 + Level 10.3 Unarmed Combat
 + Level 11.4 Spellcasting
 + Level 8.9 Conjurations
 + Level 8.6 Hexes
 + Level 8.6 Summonings
 + Level 8.6 Necromancy
 + Level 8.6 Translocations
 + Level 8.6 Transmutations
 + Level 10.2 Fire Magic
 + Level 8.6 Ice Magic
 + Level 8.6 Air Magic
 + Level 8.6 Earth Magic
 + Level 8.6 Poison Magic
 + Level 11.2 Invocations
 + Level 10.3 Evocations


You had one spell level left.
You knew the following spells:

 Your Spells              Type           Power      Damage    Failure   Level
a - Foxfire               Conj/Fire      100%       2x1d9     1%          1
b - Scorch                Fire           100%       2d9       1%          2
c - Inner Flame           Hex/Fire       62%        N/A       1%          3
d - Animate Armour        Summ/Erth      100%       N/A       1%          4
e - Flame Wave            Conj/Fire      63%        2d15      1%          4
f - Confusing Touch       Hex            59%        N/A       1%          3
g - Summon Cactus Giant   Summ           29%        N/A       22%         6
h - Fireball              Conj/Fire      31%        3d13      2%          5
i - Wereblood             Tmut           59%        N/A       1%          2
j - Borgnjor's Vile Clut  Necr/Erth      29%        N/A       4%          5

Your spell library contained the following spells:

 Spells                   Type           Power      Damage    Failure   Level
 Beastly Appendage        Tmut           100%       N/A       1%          1
 Sandblast                Erth           100%       2d20      1%          1
 Slow                     Hex            100%       N/A       1%          1
 Passwall                 Tmut/Erth      49%        N/A       1%          2
 Sublimation of Blood     Necr           59%        N/A       1%          2
 Spider Form              Tmut/Pois      59%        N/A       1%          3
 Stone Arrow              Conj/Erth      100%       3d13      1%          3
 Vampiric Draining        Necr           59%        2d10      1%          3
 Volatile Blastmotes      Fire/Tloc      100%       2d18      1%          3
 Sticky Flame             Conj/Fire      63%        2d8       1%          4
 Iskenderun's Battlesphe  Conj           60%        2d11      3%          5
 Conjure Ball Lightning   Conj/Air       30%        3x3d10    21%         6
 Orb of Destruction       Conj           30%        9d10      73%         7
 Lehudib's Crystal Spear  Conj/Erth      30%        10d8      100%        8
 Summon Horrible Things   Summ           29%        N/A       100%        8


Dungeon Overview and Level Annotations

Branches:
Dungeon (13/15)            Temple (1/1) D:4            Lair (5/5) D:9
 Shoals (0/4) Lair:3       Spider (0/4) Lair:2        Slime (0/5) Lair:4
    Orc (0/2) D:12          Sewer (visited)         Ossuary (visited)
 Bailey (visited)
 Vaults: D:13-14

Altars:
Ashenzari
Cheibriados
Dithmenos
Elyvilon
Fedhas
Gozag
Hepliaklqana
Kikubaaqudgha
Makhleb
Nemelex Xobeh
Okawaru
Qazlal
Ru
Sif Muna
Trog
Vehumet
Wu Jian
Xom
Yredelemnul
Zin
The Shining One
Jiyva

Shops:
D:3 [   D:4 =((*   D:6 *   D:9 *   D:11 ?

Portals:
Trove: D:11 (give 2 scrolls of acquirement)

Annotations:
D:12 exclusion: 2 statues
Lair:3 2 transporters


Innate Abilities, Weirdness & Mutations

Your life essence is reduced to manifest your ancestor. (-10% HP)
You have very sharp teeth.
Your uncanny sense of smell can sniff out nearby items.
Your experience applies equally to all skills.


Message History

Something hits your cactus giant!!
You hit the earth elemental.
You punch the earth elemental, but do no damage.
You bite the earth elemental.
The earth elemental is moderately damaged.
The earth elemental hits Sextus!!
The earth elemental hits you.
You barely miss the earth elemental.
The earth elemental is moderately damaged.
Something hits your cactus giant.
The earth elemental hits Sextus!!
Sextus is destroyed!
A cyclops comes into view.
The earth elemental barely misses you.
You hit the earth elemental.
The earth elemental is moderately damaged.
Something hits your cactus giant!
Your cactus giant is destroyed!
Your cactus giant disappears in a puff of smoke!
The earth elemental misses you.
You hit the earth elemental.
The earth elemental is moderately damaged.
Casting: Summon Cactus Giant (dangerous; 22% risk of failure)
Confirm with . or Enter, or press ? or * to list all spells.
Nothing appears to happen.
The earth elemental barely misses you.
You sock the earth elemental!
The earth elemental is heavily damaged.
The earth elemental misses you. The earth elemental hits you!!
* * * LOW HITPOINT WARNING * * *
You sock the earth elemental!
You punch the earth elemental, but do no damage.
The earth elemental is severely damaged.
The earth elemental closely misses you. The earth elemental barely misses you.
You hit the earth elemental but do no damage.
You bite the earth elemental, but do no damage.
The earth elemental is severely damaged.
The earth elemental barely misses you.
As you read the scroll of fear, it crumbles to dust.
You assume a fearsome visage.
The earth elemental is unaffected. x2
The cyclops looks frightened!
The earth elemental is unaffected. x2
The earth elemental hits you!!
You die...

#.................,,* *,,* *,
##...............#,,*
*,,****, #######.#.#######,,*
*,,,,,,, **##.#### *,,*
*,,,,,,, *,#.#.#.#
*,,****,,****,
***#.###.####**,,,,,,,,* *,
*,#.#*,##E#.#*,,,,***,,****,
*#.#*,∆,##E##***,,* *,,,,,,,
#.#*,∆∆∆,##@# *,,* *,,,,,,,
##,**,*,*#E## *,,* *,,,∩,,,
*,*,**∆*#E#,* *,,* *,,,,,,,
****,*∆#.#*** *,,* *,,,,,,,
*,*,#C#,* *,,* *,,,***,
***#.#*** *,,* *,,** *, ##*
*,,***,,* *,
*****************,,>,,,,****,
*,,,,,,,,,,,,,,,,,,,,,,,,,,,,


You could see a cyclops (fleeing) and 4 earth elementals.

Vanquished Creatures
  Rupert (Lair:5)
  Nessos (Lair:5)
  Snorg (Lair:3)
  5 hydras
  Erica (D:9)
  3 death yaks (Lair:5)
  A boulder beetle (D:12)
  Urug (Lair:3)
  Pikel (D:6)
  The ghost of safid the Chiller, a novice MfIE (D:6)
  2 lindwurms
  A manticore (Lair:5)
  6 black mambas
  A water nymph (Lair:3)
  14 elephants
  A gargoyle (D:11)
  A torpor snail (Lair:5)
  7 cane toads
  2 rime drakes
  2 unseen horrors
  A kobold demonologist (D:10)
  5 komodo dragons
  A troll (D:12)
  Grinder (Sewer)
  3 polar bears
  A hornet (D:10)
  3 dream sheep
  16 blink frogs
  3 culicivoras (Lair:2)
  A shadow (D:11)
  A basilisk (Lair:5)
  15 yaks
  2 wyverns
  A steam dragon (D:9)
  4 wargs (Lair:5)
  12 water moccasins
  3 hell hounds (Lair:5)
  8 orc warriors
  3 ice beasts
  6 black bears (Lair:5)
  2 sky beasts (D:7)
  4 centaurs
  4 ogres
  10 wolves
  4 lemures (D:6)
  3 kobold brigands
  6 bullfrogs
  12 scorpions
  A gnoll sergeant (D:6)
  A necrophage (Sewer)
  3 wights (D:6)
  3 killer bees (D:8)
  An electric eel (Lair:3)
  5 howler monkeys
  3 jellies
  2 hounds
  A gnoll bouda (D:7)
  4 orc priests
  A human zombie (Ossuary)
  Jessica (D:2)
  2 scorpion zombies (Ossuary)
  5 orc wizards
  A centaur simulacrum (D:6)
  A killer bee simulacrum (D:6)
  3 mummies (Ossuary)
  9 gnolls
  11 adders
  3 river rats (D:3)
  3 shadow imps
  3 white imps (D:6)
  A howler monkey simulacrum (D:6)
  2 ufetubi (Sewer)
  4 worms
  13 dart slugs
  38 orcs
  9 ball pythons
  9 endoplasms
  4 giant cockroaches
  4 goblins
  5 hobgoblins
  4 jackals (D:3)
  25 kobolds
  3 quokkas
  9 bats
  4 frilled lizards
  2 gnoll zombies (Ossuary)
  2 goblin zombies (Ossuary)
  2 hobgoblin zombies (Ossuary)
  3 kobold zombies (Ossuary)
  7 rats
405 creatures vanquished.

Vanquished Creatures (collateral kills)
  Kirke (D:12)
  A dire elephant (Lair:5)
  2 catoblepae
  3 death yaks
  Nergalle (Lair:3)
  A lindwurm (Lair:5)
  A manticore (Lair:5)
  A cyclops (D:12)
  6 black mambas
  9 elephants
  A torpor snail (Lair:5)
  4 cane toads
  2 gargoyles
  2 unseen horrors
  A rime drake (Lair:4)
  5 komodo dragons
  8 polar bears
  A dream sheep (Lair:5)
  5 blink frogs
  A raiju (Lair:5)
  16 yaks
  A vampire (D:12)
  A wyvern (Lair:1)
  4 hogs (D:12)
  3 basilisks
  2 wargs (Lair:5)
  4 water moccasins
  11 hell hounds (Lair:5)
  An acid dragon (D:11)
  An ice beast (D:6)
  6 black bears
  An ogre (D:11)
  8 orc warriors
  12 wolves
  3 centaurs
  2 kobold brigands
  3 bullfrogs
  A gnoll sergeant (D:7)
  A scorpion (D:6)
  2 wights (D:6)
  11 killer bees
  5 howler monkeys
  2 centaur zombies (Ossuary)
  A gnoll bouda (D:9)
  A sleepcap (D:8)
  3 orc priests (D:10)
  2 orc wizards
  5 gnolls
  16 orcs
  A gnoll zombie (Ossuary)
  A goblin (D:6)
  4 kobolds
  2 goblin zombies (Ossuary)
  A kobold zombie (Ossuary)
  2 orc zombies (Ossuary)
  4 foxfires (Lair:5)
200 creatures vanquished.

Vanquished Creatures (others)
  2 humans (D:12)
  19 battlemagi
  5 ancestors
  322 foxfires
348 creatures vanquished.

Grand Total: 953 creatures vanquished

Notes
Turn   | Place    | Note
-------+----------+-------------------------------------------
     0 | D:1      | croobank the Gnoll Fire Elementalist began the quest for
                  | the Orb.
     0 | D:1      | Reached XP level 1. HP: 13/13 MP: 6/6
   196 | D:1      | Reached XP level 2. HP: 19/19 MP: 1/7
   379 | D:1      | Learned a level 2 spell: Scorch
   959 | D:2      | Reached skill level 5 in Spellcasting
   959 | D:2      | Reached XP level 3. HP: 25/25 MP: 7/9
   962 | D:2      | Reached skill level 1 in Invocations
  1218 | D:2      | Reached skill level 1 in Fighting
  1218 | D:2      | Reached skill level 1 in Short Blades
  1218 | D:2      | Reached skill level 1 in Long Blades
  1218 | D:2      | Reached skill level 1 in Axes
  1218 | D:2      | Reached skill level 1 in Maces & Flails
  1218 | D:2      | Reached skill level 1 in Polearms
  1218 | D:2      | Reached skill level 1 in Staves
  1218 | D:2      | Reached skill level 1 in Ranged Weapons
  1218 | D:2      | Reached skill level 1 in Throwing
  1218 | D:2      | Reached skill level 1 in Armour
  1218 | D:2      | Reached skill level 1 in Shields
  1218 | D:2      | Reached skill level 1 in Unarmed Combat
  1218 | D:2      | Reached skill level 1 in Evocations
  1243 | D:2      | Found a shimmering altar of Xom.
  1303 | D:2      | Noticed Jessica
  1310 | D:2      | Killed Jessica
  1311 | D:2      | Reached skill level 1 in Hexes
  1311 | D:2      | Reached skill level 1 in Summonings
  1311 | D:2      | Reached skill level 1 in Necromancy
  1311 | D:2      | Reached skill level 1 in Translocations
  1311 | D:2      | Reached skill level 1 in Transmutations
  1311 | D:2      | Reached skill level 1 in Ice Magic
  1311 | D:2      | Reached skill level 1 in Air Magic
  1311 | D:2      | Reached skill level 1 in Earth Magic
  1311 | D:2      | Reached skill level 1 in Poison Magic
  1311 | D:2      | Reached XP level 4. HP: 22/32 MP: 8/11
  1816 | D:3      | Reached XP level 5. HP: 34/37 MP: 12/12
  1999 | D:3      | Found a glowing golden altar of the Shining One.
  2102 | D:3      | Found a blossoming altar of Fedhas.
  2252 | D:3      | Found a glowing drain.
  2257 | Sewer    | Entered a sewer
  2362 | Sewer    | Reached XP level 6. HP: 22/44 MP: 4/13
  2462 | Sewer    | Found an ancient bone altar of Kikubaaqudgha.
  2471 | Sewer    | Reached skill level 5 in Dodging
  2569 | Sewer    | Reached XP level 7. HP: 48/50 MP: 8/15
  2644 | Sewer    | Noticed Grinder
  2654 | Sewer    | Killed Grinder
  2655 | Sewer    | Reached skill level 5 in Stealth
  3117 | D:3      | Found Hubuxef's Armour Boutique.
  3190 | D:3      | Found a basalt altar of Yredelemnul.
  3194 | D:3      | Found a burning altar of Makhleb.
  3197 | D:3      | Found a bloodstained altar of Trog.
  3197 | D:3      | Found a white marble altar of Elyvilon.
  3214 | D:3      | Found an ancient bone altar of Kikubaaqudgha.
  3348 | D:4      | Found a staircase to the Ecumenical Temple.
  3391 | D:4      | Found Taix Hoa's Assorted Antiques.
  3438 | Temple   | Entered the Ecumenical Temple
  3502 | Temple   | Became a worshipper of Hepliaklqana the Forgotten
  3559 | D:4      | Bought a scroll labelled VUM UKOIQID for 30 gold pieces
  3559 | D:4      | Bought a scroll labelled KISEAQ KIAN for 30 gold pieces
  3559 | D:4      | Bought a murky dark potion for 27 gold pieces
  3563 | D:4      | Bought a scroll of identify for 60 gold pieces
  3563 | D:4      | Bought a scroll of identify for 60 gold pieces
  3563 | D:4      | Bought a scroll of identify for 60 gold pieces
  3669 | D:4      | Found Duonkil's Weapon Shop.
  3727 | D:4      | Found Gaij Wie's Weapon Shop.
  4062 | D:4      | Found Umupesi's Jewellery Emporium.
  4176 | D:5      | Entered Level 5 of the Dungeon
  4182 | D:5      | Reached XP level 8. HP: 53/58 MP: 16/16
  4627 | D:5      | Reached * piety under Hepliaklqana
  4725 | D:5      | Found a shimmering blue altar of Sif Muna.
  5094 | D:6      | Found a sand-covered staircase.
  5099 | D:6      | Found Leonk's General Store.
  5115 | Ossuary  | Entered an ossuary
  5170 | Ossuary  | Reached XP level 9. HP: 58/58 MP: 18/18
  5692 | D:6      | Bought a scroll of identify for 20 gold pieces
  5692 | D:6      | Bought a scroll of identify for 20 gold pieces
  5692 | D:6      | Bought a scroll of noise for 10 gold pieces
  5809 | D:6      | Noticed safid's ghost (novice MfIE)
  5926 | D:6      | Found a sacrificial altar of Ru.
  6035 | D:6      | Reached skill level 5 in Invocations
  6078 | D:6      | Found a runed translucent gate.
  6078 | D:6      | Found a runed translucent gate.
  6078 | D:6      | Found a runed translucent gate.
  6085 | D:6      | Learned a level 3 spell: Inner Flame
  6089 | D:6      | Learned a level 3 spell: Volatile Blastmotes
  6094 | D:6      | Learned a level 4 spell: Flame Wave
  6310 | D:6      | Killed safid's ghost
  6613 | D:7      | Noticed Pikel
  6618 | D:6      | Reached skill level 5 in Fighting
  6618 | D:6      | Reached skill level 5 in Short Blades
  6618 | D:6      | Reached skill level 5 in Long Blades
  6618 | D:6      | Reached skill level 5 in Axes
  6618 | D:6      | Reached skill level 5 in Maces & Flails
  6618 | D:6      | Reached skill level 5 in Polearms
  6618 | D:6      | Reached skill level 5 in Staves
  6618 | D:6      | Reached skill level 5 in Ranged Weapons
  6618 | D:6      | Reached skill level 5 in Throwing
  6618 | D:6      | Reached skill level 5 in Armour
  6618 | D:6      | Reached skill level 5 in Shields
  6618 | D:6      | Reached skill level 5 in Unarmed Combat
  6618 | D:6      | Reached skill level 5 in Evocations
  6698 | D:6      | Killed Pikel
  6699 | D:6      | Reached XP level 10. HP: 38/66 MP: 2/20
  7200 | D:7      | Reached ** piety under Hepliaklqana
  7201 | D:7      | Remembered your ancestor Sextus as a battlemage
  7419 | D:7      | Found a shadowy altar of Dithmenos.
  7424 | D:7      | Reached skill level 5 in Conjurations
  7611 | D:7      | Found a snail-covered altar of Cheibriados.
  8161 | D:7      | Found a sparkling altar of Nemelex Xobeh.
  8524 | D:7      | Learned a level 3 spell: Confusing Touch
  8628 | D:8      | Identified the +1 mace of Shame {heavy, rElec Str-2 Int+7
                  | Dex+3}
  8671 | D:8      | Found a flagged portal.
  8681 | Bailey   | Entered a bailey
  8947 | Bailey   | Identified the +6 shadow dragon scales of Vautacae {rElec
                  | rN+ Will- Stlth++++}
  9823 | D:9      | Found a glowing silver altar of Zin.
  9833 | D:9      | Reached skill level 5 in Hexes
  9833 | D:9      | Reached skill level 5 in Summonings
  9833 | D:9      | Reached skill level 5 in Necromancy
  9833 | D:9      | Reached skill level 5 in Translocations
  9833 | D:9      | Reached skill level 5 in Transmutations
  9833 | D:9      | Reached skill level 5 in Ice Magic
  9833 | D:9      | Reached skill level 5 in Air Magic
  9833 | D:9      | Reached skill level 5 in Earth Magic
  9833 | D:9      | Reached skill level 5 in Poison Magic
  9847 | D:9      | Reached XP level 11. HP: 72/72 MP: 22/22
  9877 | D:9      | Noticed Erica
  9881 | D:9      | Killed Erica
 10059 | D:9      | Found Uxol's Hallowed Reliquary.
 10072 | D:9      | Noticed an angel
 10080 | D:9      | Reached *** piety under Hepliaklqana
 10081 | D:9      | Bought a potion of heal wounds for 80 gold pieces
 10234 | D:9      | Noticed a death yak
 10285 | D:10     | Entered Level 10 of the Dungeon
 10331 | D:10     | Paralysed by a hornet for 3 turns
 10337 | D:10     | Paralysed by a hornet for 1 turns
 10538 | D:10     | Learned a level 4 spell: Animate Armour
 11140 | D:10     | Found a broken altar of Ashenzari.
 11462 | D:10     | Found an ornate altar of the Wu Jian Council.
 12395 | D:11     | Found Edghab's Magic Scroll Shoppe.
 12398 | D:11     | Bought a scroll of enchant armour for 105 gold pieces
 12398 | D:11     | Bought a scroll of identify for 28 gold pieces
 12398 | D:11     | Bought a scroll of identify for 28 gold pieces
 12398 | D:11     | Bought a scroll of butterflies for 56 gold pieces
 12398 | D:11     | Bought a scroll of fear for 56 gold pieces
 12585 | D:11     | Found a portal to a secret trove of treasure.
 13010 | D:12     | Noticed a boulder beetle
 13020 | D:12     | Killed a boulder beetle
 13021 | D:12     | Reached XP level 12. HP: 79/81 MP: 24/24
 13150 | D:12     | Noticed Kirke
 13556 | D:12     | Killed Kirke
 13609 | D:12     | Reached **** piety under Hepliaklqana
 13691 | D:12     | Found a staircase to the Orcish Mines.
 13993 | D:12     | Identified a scroll of acquirement
 14433 | D:9      | Found an opulent altar of Gozag.
 14484 | D:9      | Found a staircase to the Lair.
 14502 | D:9      | Killed a death yak
 14579 | Lair:1   | Entered Level 1 of the Lair of Beasts
 14978 | Lair:1   | Learned a level 5 spell: Fireball
 15657 | Lair:2   | Reached XP level 13. HP: 88/88 MP: 11/26
 15907 | Lair:2   | Found a hole to the Spider Nest.
 16294 | Lair:2   | Acquired the Compendium of Grisly Calling
 16481 | Lair:2   | Reached ***** piety under Hepliaklqana
 16797 | Lair:3   | Noticed Urug
 16797 | Lair:3   | Found a staircase to the Shoals.
 16808 | Lair:3   | Killed Urug
 17243 | Lair:3   | Found a transporter.
 17243 | Lair:3   | Noticed Nergalle
 17311 | Lair:3   | Noticed Snorg
 17326 | Lair:3   | Killed Snorg
 17327 | Lair:3   | Reached skill level 10 in Spellcasting
 17400 | Lair:3   | Killed Nergalle
 17554 | Lair:3   | Found a transporter.
 18086 | Lair:3   | Reached skill level 10 in Dodging
 18780 | Lair:4   | Identified the +5 chain mail of Ysettan {rF+ Slay+3}
 18912 | Lair:4   | Reached skill level 10 in Stealth
 19077 | Lair:4   | Found a staircase to the Slime Pits.
 19078 | Lair:4   | Found a viscous altar of Jiyva.
 19566 | Lair:5   | Entered Level 5 of the Lair of Beasts
 19818 | Lair:5   | Noticed Nessos
 19818 | Lair:5   | Noticed Rupert
 19823 | Lair:5   | Killed Nessos
 19824 | Lair:5   | Reached skill level 10 in Invocations
 19824 | Lair:5   | Reached XP level 14. HP: 96/97 MP: 13/28
 19825 | Lair:5   | Killed Rupert
 22214 | Lair:5   | Reached skill level 10 in Fire Magic
 22365 | Lair:5   | Reached skill level 10 in Fighting
 22365 | Lair:5   | Reached skill level 10 in Short Blades
 22365 | Lair:5   | Reached skill level 10 in Long Blades
 22365 | Lair:5   | Reached skill level 10 in Axes
 22365 | Lair:5   | Reached skill level 10 in Maces & Flails
 22365 | Lair:5   | Reached skill level 10 in Polearms
 22365 | Lair:5   | Reached skill level 10 in Staves
 22365 | Lair:5   | Reached skill level 10 in Ranged Weapons
 22365 | Lair:5   | Reached skill level 10 in Throwing
 22365 | Lair:5   | Reached skill level 10 in Armour
 22365 | Lair:5   | Reached skill level 10 in Shields
 22365 | Lair:5   | Reached skill level 10 in Unarmed Combat
 22365 | Lair:5   | Reached skill level 10 in Evocations
 22366 | Lair:5   | Noticed a dire elephant
 22433 | Lair:5   | Killed a dire elephant
 22689 | Lair:5   | Reached XP level 15. HP: 67/103 MP: 30/30
 22899 | Lair:5   | Identified the +6 chain mail of the Moon {Harm Fly rC-
                  | rN+++ Str-4}
 23708 | Lair:5   | Identified the +1 leather armour of Qaorphe {Dex+3}
 23716 | Lair:5   | Learned a level 2 spell: Wereblood
 23722 | Lair:5   | Learned a level 5 spell: Borgnjor's Vile Clutch
 23849 | Lair:5   | Learned a level 6 spell: Summon Cactus Giant
 24114 | D:13     | Mangled by an earth elemental

Illustrated notes

Levels and vault maps discovered:
D:1:      psy_arrival_heroes, layout_basic
D:2:      layout_rooms, basic_altar, minmay_heptomino_o4, uniq_jessica
D:3:      kennysheep_slugbush, layout_loops_ring,
          mainiacjoe_overflow_concentric_impassable,
          nicolae_overflow_hallway_of_the_gods, lemuel_tele_altar, serial_shops,
          shop_statue, lightli_sewer_entry_pipes
D:4:      layout_gridville, minmay_temple_entry_mist, serial_shops,
          nicolae_shop_advertising_works [nicolae_subvault_shop_adworks],
          nicolae_shop_bloodbath_and_beyond, nicolae_shop_tiny_real_fake_doors,
          shop
D:5:      layout_cave_pools, tgw_sif, minmay_large_rounded_square
D:6:      layout_basic, nicolae_ru_great_annihilating_truth,
          nicolae_ossuary_entry_ruins, gammafunk_ghost_icy, serial_shops, shop
D:7:      layout_loops_corners, pf_just_have_faith,
          nemelex_diamond_rough_becter,
          nicolae_dithmenos_through_a_glass_darkly, dreamdust_wishing_well,
          grunt_ministairs_2, serial_bayou_pond_e, uniq_pikel
D:8:      layout_basic, enter_bailey_2
D:9:      layout_basic, marbit_many_paths, lemuel_crystal_altar,
          david_lair_generic, nicolae_good_shop, uniq_erica
D:10:     layout_loops_ring, lemuel_round_altar, evilmike_ruin_ashenzari
D:11:     layout_roguey [special_room_orc], enter_trove_0, serial_shops,
          kennysheep_mini
D:12:     layout_small_grid, orc_0_dummy, minmay_dual_archer_statues, uniq_kirke
D:13:     layout_long_grid, portal_ice_cave_entry_ice_simulacra, minivault_5,
          hangedman_cracks_in_the_wall
Temple:   nicolae_temple_two_arcs
Lair:1:   layout_chaotic_city
Lair:2:   layout_roguey, hellmonk_spider_entry_life_and_decay
Lair:3:   gammafunk_cloud_chamber, layout_concentric_octagons,
          nicolae_shoals_entry_flooding, uniq_urug, uniq_snorg, uniq_nergalle
Lair:4:   layout_roguey, slime_entry_1, grunt_forest_stairs_basic, st_stairs_10,
          serial_bayou_shore_b, grunt_megastairs_3
Lair:5:   hangedman_lair_in_review, layout_gridlike,
          hangedman_lair_caniforms_friends, minivault_24,
          chequers_serial_rivers_micro_b, grunt_forest_large_clearings,
          uniq_rupert, uniq_nessos

Skill      XL: |  1  2  3  4  5  6  7  8  9 10 11 12 13 14 15 |
---------------+----------------------------------------------+-----
Conjurations   | 2 3 4 5 6 7 8 |  8.9
Spellcasting   | 5 6 7 8 9 10 11 | 11.4
Invocations    | 1 2 3 4 5 6 7 8 10 11 | 11.2
Fighting       | 1 2 3 5 6 7 8 9 10 | 10.3
Short Blades   | 1 2 3 5 6 7 8 9 10 | 10.3
Long Blades    | 1 2 3 5 6 7 8 9 10 | 10.3
Axes           | 1 2 3 5 6 7 8 9 10 | 10.3
Maces & Flails | 1 2 3 5 6 7 8 9 10 | 10.3
Polearms       | 1 2 3 5 6 7 8 9 10 | 10.3
Staves         | 1 2 3 5 6 7 8 9 10 | 10.3
Ranged Weapons | 1 2 3 5 6 7 8 9 10 | 10.3
Throwing       | 1 2 3 5 6 7 8 9 10 | 10.3
Armour         | 1 2 3 5 6 7 8 9 10 | 10.3
Shields        | 1 2 3 5 6 7 8 9 10 | 10.3
Unarmed Combat | 1 2 3 5 6 7 8 9 10 | 10.3
Evocations     | 1 2 3 5 6 7 8 9 10 | 10.3
Hexes          | 1 2 3 4 5 6 7 8 |  8.6
Summonings     | 1 2 3 4 5 6 7 8 |  8.6
Necromancy     | 1 2 3 4 5 6 7 8 |  8.6
Translocations | 1 2 3 4 5 6 7 8 |  8.6
Transmutations | 1 2 3 4 5 6 7 8 |  8.6
Ice Magic      | 1 2 3 4 5 6 7 8 |  8.6
Air Magic      | 1 2 3 4 5 6 7 8 |  8.6
Earth Magic    | 1 2 3 4 5 6 7 8 |  8.6
Poison Magic   | 1 2 3 4 5 6 7 8 |  8.6
Dodging        | 5 6 7 8 9 10 11 | 11.2
Stealth        | 5 6 7 8 9 10 11 | 11.1
Fire Magic     | 6 7 8 9 10 | 10.2

Action                     |  1- 3 |  4- 6 |  7- 9 | 10-12 | 13-15 || total
---------------------------+-------+-------+-------+-------+-------++-------
  Melee: Unarmed           |     2 |       |       |       |       ||     2
         Short sword       |     4 |       |       |       |       ||     4
         Scimitar          |       |       |       |    10 |   123 ||   133
         Bite              |       |       |       |     1 |    52 ||    53
         Mace              |       |       |       |     2 |   119 ||   121
         Punch             |       |       |       |       |    26 ||    26
         War axe           |       |       |       |       |    13 ||    13
   Fire: Sling             |    30 |   174 |   268 |   435 |   175 ||  1082
   Cast: Foxfire           |    24 |     2 |     3 |    29 |   126 ||   184
         Scorch            |     5 |    12 |    66 |   143 |   147 ||   373
         Flame Wave        |       |       |     4 |       |     7 ||    11
         Volatile Blastmot |       |       |     4 |       |       ||     4
         Inner Flame       |       |       |     1 |     5 |    10 ||    16
         Confusing Touch   |       |       |       |     1 |     9 ||    10
         Animate Armour    |       |       |       |     3 |     9 ||    12
         Fireball          |       |       |       |     4 |    14 ||    18
         Summon Cactus Gia |       |       |       |       |     2 ||     2
 Invoke: Ancestor Identity |       |       |     1 |       |       ||     1
         Ancestor Life: Ba |       |       |       |     1 |       ||     1
         Recall Ancestor   |       |       |       |     1 |     1 ||     2
         Idealise          |       |       |       |       |     2 ||     2
  Evoke: Wand              |       |       |       |     1 |     1 ||     2
         Phantom mirror    |       |       |       |       |     1 ||     1
    Use: Scroll            |       |       |    13 |    25 |    11 ||    49
         Potion            |       |       |       |     2 |     8 ||    10
   Stab: Sleeping          |     4 |       |       |       |     3 ||     7
         Confused          |       |       |       |       |     5 ||     5
         Distracted        |       |       |       |       |    11 ||    11
         Paralysed         |       |       |       |       |     3 ||     3
 Armour: Robe              |     3 |     3 |       |       |       ||     6
         Leather armour    |       |    44 |    60 |    62 |   253 ||   419
         Shadow dragon sca |       |       |       |    60 |       ||    60
  Dodge: Dodged            |     8 |   112 |   158 |   126 |   545 ||   949
  Block: Other             |       |       |       |       |   116 ||   116
         Reflection        |       |       |       |       |     1 ||     1
